 Dungeon Crawl Stone Soup version 0.29.0-4-gdea44cf6ec (webtiles) character file.

Game seed: 894471423079641237

24 qw the Chopper (level 3, -4/21 HPs)
             Began as a Tengu Warper on Aug 28, 2022.
             Slain by Terence
             ... wielding a +0 flail
              (7 damage)
             ... on level 2 of the Dungeon.
             The game lasted 00:00:20 (999 turns).

qw the Chopper (Tengu Warper)                        Turns: 999, Time: 00:00:20

Health: -4/21      AC: 11    Str: 13    XL:     3   Next: 2%
Magic:  7/7        EV:  6    Int: 13    God:
Gold:   32         SH:  0    Dex: 13    Spells: 6/6 levels left

rFire   . . .      SeeInvis .   Y - +1 hand axe
rCold   . . .      Faith    .   (no shield)
rNeg    . . .      Spirit   .   k - +0 chain mail
rPois   .          Reflect  .   (helmet restricted)
rElec   .          Harm     .   (no cloak)
rCorr   .          Rampage  .   a - +2 pair of gloves {Stlth+}
Will    .....                   (boots unavailable)
Stlth   ..........              (no amulet)
HPRegen 0.07/turn               (no ring)
MPRegen 0.10/turn               (no ring)

@: lethally poisoned (-4 -> -22)
A: beak, talons 3
a: no special abilities


You were on level 2 of the Dungeon.
You visited 1 branch of the dungeon, and saw 2 of its levels.

You collected 32 gold pieces.


Innate Abilities, Weirdness & Mutations

You have a beak for a mouth.
You have claws for feet.


   Skills:
 - Level 2.0 Fighting
 + Level 3.7 Axes
 - Level 1.0 Throwing
 - Level 1.1 Armour
 - Level 2.1 Dodging
 - Level 2.0 Spellcasting
 - Level 2.4 Translocations


You had 6 spell levels left.
You didn't know any spells.
Your spell library contained the following spells:

 Spells                   Type           Power      Damage    Failure   Level
 Blink                    Tloc           14%        N/A       99%         2
 Gell's Gravitas          Tloc           7%         N/A       100%        3
 Lesser Beckoning         Tloc           7%         N/A       100%        3
 Teleport Other           Tloc           7%         N/A       100%        3
 Manifold Assault         Tloc           7%         N/A       100%        5

Inventory:

Hand Weapons
 e - a +0 whip
 Y - a +1 hand axe (weapon)
Armour
 a - a +2 pair of gloves of stealth (worn)
 k - a +0 chain mail (worn)
Scrolls
 l - a scroll of teleportation
Potions
 j - a potion of curing {unknown}
 o - a potion of lignification {unknown}

Dungeon Overview and Level Annotations

Branches:
Dungeon (2/15)

Altars:

Annotations:
D:2 Robin, Terence


Message History

A hobgoblin comes into view.
Terence hits you with a +0 flail.
An adder comes into view.
The hobgoblin shouts!
You hear a shout! x3
You barely miss Terence. Your kick misses Terence.
Robin throws the goblin at you!
A goblin comes into view. It is wielding a +0 dagger.
The goblin hits you with a +0 dagger of venom.
You are poisoned.
Terence hits you with a +0 flail.
You barely miss Terence. Your kick misses Terence.
You hit the goblin but do no damage.
You feel sick.
A goblin comes into view. It is wielding a +0 dagger.
The goblin closely misses you.
A goblin comes into view. It is wielding a +0 dagger.
Terence barely misses you.
You hit Terence.
Terence is lightly wounded.
You hit the goblin.
You feel sick.
Robin roars a battlecry!
The goblins go into a battle-frenzy!
The goblin hits you but does no damage.
You are more poisoned.
A goblin comes into view. It is wielding a +0 dagger.
Terence barely misses you.
The goblin shouts!
You closely miss the goblin.
The goblin is heavily wounded.
You closely miss Terence.
You feel sick. Robin throws the goblin at you!
The goblin hits you but does no damage. x2; Terence hits you but does no damage.
You miss the goblin. Your peck misses the goblin.
The goblin is heavily wounded.
You closely miss Terence. You hit the goblin.
You feel sick. The goblin hits you but does no damage.
You are lethally poisoned!
The goblin hits you with a +0 club. Terence hits you with a +0 flail!
You die...

#... ######
########.##
....#
#..........
##..#
##.######.#.
##.#.####...#
#.....
#.#.........#
#.#..[
#.))####...#
#.##.% ##gg#
##### #.##.#
#@.# #.....
#@g# #.....
g.g.. #.##.#
...###..
#.##.# g##g#
... #.##.# #.
#g# ## #.....
. .g. ####.#
# #.# ..#


You could see Terence, Robin, 2 hobgoblins and 6 goblins.

Vanquished Creatures
  A dart slug (D:1)
  A bat (D:2)
  2 endoplasms (D:1)
  2 giant cockroaches (D:1)
  4 goblins (D:2)
  2 hobgoblins
  2 kobolds (D:1)
  2 ball pythons (D:1)
  3 rats (D:1)
19 creatures vanquished.

Vanquished Creatures (others)
  4 toadstools (D:1)
4 creatures vanquished.

Grand Total: 23 creatures vanquished

Notes
Turn   | Place    | Note
-------+----------+-------------------------------------------
     0 | D:1      | qw the Tengu Warper began the quest for the Orb.
     0 | D:1      | Reached XP level 1. HP: 12/12 MP: 4/4
     0 | D:1      | 0 ||| qw: Version: 0.1-a-89-g26bdef1
     0 | D:1      | 0 ||| qw: Game counter: 3421
     0 | D:1      | 0 ||| qw: Always use a shield: true
     0 | D:1      | 0 ||| qw: God list: Okawaru
     0 | D:1      | 0 ||| qw: Allow faded altars: false
     0 | D:1      | 0 ||| qw: Do Orc after D:15 true
     0 | D:1      | 0 ||| qw: Do second Lair branch before Depths: true
     0 | D:1      | 0 ||| qw: Lair rune preference: random
     0 | D:1      | 0 ||| qw: Plans: Normal
     0 | D:1      | 0 ||| PLANNING D:1-11
   148 | D:1      | Found a faded altar of an unknown god.
   467 | D:1      | Reached XP level 2. HP: 17/17 MP: 6/6
   478 | D:1      | Reached skill level 3 in Axes
   870 | D:1      | 870 ||| UPGRADING to +0 scale mail.
   880 | D:1      | 880 ||| DROPPING +0 leather armour.
   881 | D:1      | 881 ||| UPGRADING to +0 chain mail.
   891 | D:1      | 891 ||| DROPPING +0 scale mail.
   892 | D:1      | 892 ||| DROPPING amulet of magic regeneration.
   893 | D:1      | 893 ||| READING scroll labelled FUUPLE WIAHITI.
   894 | D:1      | 894 ||| READING scroll labelled NITEYSHR REEBI.
   895 | D:1      | 895 ||| READING scroll labelled MEASUD IFIKLE.
   896 | D:1      | 896 ||| READING scroll labelled TERGHU VETIA.
   897 | D:1      | 897 ||| READING 2 scrolls labelled XECKOMP UZEHIL.
   900 | D:1      | 900 ||| READING scroll labelled AHIASOKKEO.
   900 | D:1      | Identified a scroll of acquirement
   900 | D:1      | 900 ||| ACQUIRING +2 pair of gloves of stealth
   900 | D:1      | Acquired a +2 pair of gloves of stealth
   902 | D:1      | 902 ||| UPGRADING to +2 pair of gloves of stealth.
   907 | D:1      | 907 ||| DROPPING scroll of blinking.
   929 | D:2      | Identified the +3 robe of Forking Paths {Rampage rPois rF-
                  | Int+6}
   968 | D:2      | 968 ||| Stepping ~*~*~tactically~*~*~ (hiding).
   990 | D:2      | Reached XP level 3. HP: 21/21 MP: 7/7
   990 | D:2      | Noticed Terence
   992 | D:2      | Noticed Robin
   999 | D:2      | HP: 3/21 [goblin/+0 club[Robin] (6)]
   999 | D:2      | Slain by Terence

Levels and vault maps discovered:
D:1:      ldierk_walled_garden_2, layout_loops_cross,
          dreamdust_ecumenical_altar_angels_and_demons
D:2:      layout_loops_cross, serial_shops,
          nicolae_shop_temple_entry_statues_fountains, uniq_terence,
          uniq_jessica, uniq_robin

Skill      XL: |  1  2 |
---------------+-------+-----
Axes           | 3 |  3.7
Fighting       | |  2.0
Throwing       | |  1.0
Armour         | |  1.1
Dodging        | |  2.1
Spellcasting   | |  2.0
Translocations | |  2.4

Action                   || total
-------------------------++-------
Melee: Hand axe          ||    43
       Kick              ||     7
       Peck              ||     8
       Punch             ||     2
Throw: Boomerang         ||     7
  Use: Scroll            ||     6
Armor: Leather armour    ||    10
       Chain mail        ||    15
Dodge: Dodged            ||    18

Table legend:
 A = Non-vault XP
 B = Vault XP
 C = Vault XP percentage of total XP
 D = Non-vault monster count
 E = Vault monster count
 F = Vault count percentage of total count
                 A         B        C        D         E       F
            +---------+---------+-------+---------+---------+-------
      Total |      25 |      10 |  28.6 |      14 |       5 |  26.3
            +---------+---------+-------+---------+---------+-------
        D:1 |      23 |       0 |   0.0 |      13 |       0 |   0.0
        D:2 |       2 |      10 |  83.3 |       1 |       5 |  83.3
            +---------+---------+-------+---------+---------+-------
